 Dungeon Crawl Stone Soup version 0.28.0-53-g5a82cb258f (webtiles) character file.

Game seed: 4239519923922309105

153 safid the Chopper (level 5, 0/46 HPs)
             Began as a Hill Orc Fighter on July 8, 2022.
             Was an Initiate of Beogh.
             Slain by a kobold brigand
             ... wielding a +0 whip of flaming
              (1 damage)
             ... in a sewer.
             The game lasted 00:04:43 (2290 turns).

safid the Chopper (Hill Orc Fighter)                Turns: 2290, Time: 00:04:44

Health: 0/46       AC:  8    Str: 21    XL:     5   Next: 35%
Magic:  5/5        EV:  9    Int:  8    God:    Beogh [......]
Gold:   52         SH:  4    Dex: 10    Spells: 4/4 levels left

rFire   . . .      SeeInvis .   a - +0 war axe
rCold   . . .      Faith    .   c - +0 buckler
rNeg    . . .      Spirit   .   b - +0 scale mail
rPois   .          Reflect  .   (no helmet)
rElec   .          Harm     .   (no cloak)
rCorr   +          Rampage  .   i - +0 pair of gloves
Will    +....                   (no boots)
Stlth   ..........              (no amulet)
HPRegen 0.15/turn               g - ring of willpower
MPRegen 0.09/turn               o - ring of resist corrosion

@: mighty, very slow
A: no striking features
a: Renounce Religion


You were in a sewer.
You worshipped Beogh.
Beogh was noncommittal.
You visited 1 branch of the dungeon, and saw 3 of its levels.
You also visited: Sewer.

You collected 52 gold pieces.

Inventory:

Hand Weapons
 a - a +0 war axe (weapon)
Armour
 b - a +0 scale mail (worn)
 c - a +0 buckler (worn)
 i - a +0 pair of gloves (worn)
Jewellery
 g - a ring of willpower (left hand)
 o - a ring of resist corrosion (right hand)
Scrolls
 e - 2 scrolls of identify {unknown}
 h - a scroll of noise {unknown}
 j - a scroll of enchant weapon {unknown}
 k - a scroll of blinking {unknown}
 l - a scroll of teleportation {unknown}
Potions
 f - a potion of cancellation {unknown}
 m - a potion of curing {unknown}
 n - a potion of magic {unknown}


   Skills:
 - Level 4.0 Fighting
 + Level 5.7 Axes
 - Level 4.0 Armour
 - Level 4.0 Shields


You had 4 spell levels left.
You didn't know any spells.
Your spell library contained the following spells:

 Spells                   Type           Power      Damage    Failure   Level
 Freeze                   Ice            0%         1d3       83%         1
 Frozen Ramparts          Ice            0%         1d2       99%         3
 Tukima's Dance           Hex            0%         N/A       99%         3
 Anguish                  Hex/Necr       0%         N/A       100%        4
 Hailstorm                Conj/Ice       0%         3d3       100%        4
 Enfeeble                 Hex            0%         N/A       100%        7


Dungeon Overview and Level Annotations

Branches:
Dungeon (3/15)              Sewer (1/1)

Altars:


Message History

The kobold brigand burns you.
You feel sick.
The kobold brigand throws a poisoned dart.
The poisoned dart completely misses you.
You enter the shallow water.
Moving in this stuff is going to be slow.
You feel sick.
You are no longer poisoned.
The kobold brigand hits you but does no damage.
The kobold brigand hits you with a +0 whip of flaming.
The kobold brigand burns you.
You barely miss the kobold brigand. You block the kobold brigand's attack.
Your unstable footing causes you to fumble your attack.
The kobold brigand closely misses you.
Unknown command.
You closely miss the kobold brigand. The kobold brigand barely misses you.
Your unstable footing causes you to fumble your attack.
The kobold brigand hits you with a +0 whip of flaming.
* * * LOW HITPOINT WARNING * * *
The kobold brigand burns you.
* * * LOW HITPOINT WARNING * * *
The kobold brigand hits you with a +0 whip of flaming.
* * * LOW HITPOINT WARNING * * *
The kobold brigand burns you.
* * * LOW HITPOINT WARNING * * *
Unknown command.
You feel very mighty all of a sudden.
The kobold brigand hits you with a +0 whip of flaming.
* * * LOW HITPOINT WARNING * * *
The kobold brigand burns you.
* * * LOW HITPOINT WARNING * * *
You slash the kobold brigand!
The kobold brigand is heavily wounded.
The kobold brigand closely misses you.
Unknown command.
Your unstable footing causes you to fumble your attack.
The kobold brigand hits you with a +0 whip of flaming.
* * * LOW HITPOINT WARNING * * *
The kobold brigand burns you.
You die...

#. .# #≈ ≈# #≈
≈# #≈#≈# ≈≈ ≈..
#≈ #≈# #≈ #≈#
#≈###K# #≈≈.@≈#
##≈≈≈## . #≈≈.#
.≈. #≈..# .≈.#
##.≈.# .≈..#
##≈.≈≈#
.≈≈.≈#####.≈≈≈.#
#..≈..≈≈≈.≈≈≈≈##
##≈≈≈≈.≈≈≈.###


You could see a kobold brigand.

Vanquished Creatures
  An orc wizard (D:3)
  4 adders
  A river rat (D:3)
  2 worms
  3 dart slugs
  6 orcs (D:3)
  8 ball pythons
  3 endoplasms
  6 giant cockroaches
  5 goblins
  4 hobgoblins
  5 kobolds
  2 quokkas
  4 bats
  4 frilled lizards
  7 rats
65 creatures vanquished.

Vanquished Creatures (others)
  2 orcs (D:3)
2 creatures vanquished.

Grand Total: 67 creatures vanquished

Notes
Turn   | Place    | Note
-------+----------+-------------------------------------------
     0 | D:1      | safid the Hill Orc Fighter began the quest for the Orb.
     0 | D:1      | Reached XP level 1. HP: 19/19 MP: 1/1
   235 | D:1      | Reached skill level 3 in Axes
   235 | D:1      | Reached XP level 2. HP: 27/27 MP: 2/2
   784 | D:2      | Reached XP level 3. HP: 20/33 MP: 3/3
  1292 | D:2      | Reached XP level 4. HP: 40/40 MP: 4/4
  1387 | D:2      | Reached skill level 4 in Axes
  1732 | D:3      | Became a worshipper of Beogh the Brigand
  1826 | D:2      | Reached skill level 5 in Axes
  2039 | D:3      | Reached XP level 5. HP: 46/46 MP: 5/5
  2069 | D:3      | Found a glowing drain.
  2100 | Sewer    | Entered a sewer
  2269 | Sewer    | Noticed a kobold brigand
  2290 | Sewer    | HP: 1/46 [kobold brigand/+0 whip of flaming (3)]
  2290 | Sewer    | Slain by a kobold brigand

Illustrated notes

Levels and vault maps discovered:
D:1:      giann_bridges, layout_basic
D:2:      layout_rooms, minmay_misc_feat_four_crosses, minmay_diced_spiral
D:3:      layout_basic, chequers_ecumenical_altar_simple_redux,
          portal_sewer_entry_c, uniq_jessica, uniq_terence
Sewer:    sewer_co_tree

Skill      XL: |  1  2  3  4 |
---------------+-------------+-----
Axes           | 3 5 |  5.7
Fighting       | 4 |  4.0
Shields        | 4 |  4.0
Armour         | 4 |  4.0

Action                   |  1- 3 |  4- 6 || total
-------------------------+-------+-------++-------
Melee: War axe           |   100 |    91 ||   191
Invok: Convert to Beogh  |       |     1 ||     1
  Use: Potion            |       |     1 ||     1
Armor: Scale mail        |    47 |    47 ||    94
Dodge: Dodged            |    52 |    58 ||   110
Block: Buckler           |    18 |    19 ||    37
